 Dungeon Crawl Stone Soup version 0.22.0-38-g04b72b8c25 (webtiles) character file.

114 MirrMurr the Poker (level 4, 0/34 HPs)
             Began as a Demonspawn Gladiator on Aug 28, 2018.
             Succumbed to a kobold's poison
             ... on level 2 of the Dungeon.
             The game lasted 00:03:57 (2042 turns).

MirrMurr the Poker (Demonspawn Gladiator)           Turns: 2042, Time: 00:03:57

Health: 0/34       AC:  8    Str: 15    XL:     4   Next: 67%
Magic:  4/4        EV: 13    Int:  9    God:
Gold:   161        SH:  0    Dex: 15    Spells: 3/3 levels left

rFire    . . .     SeeInvis .   a - +0 trident
rCold    . . .     Gourm    .   (no shield)
rNeg     . . .     Faith    .   b - +0 leather armour
rPois    .         Spirit   .   c - +0 helmet
rElec    .         Reflect  .   (no cloak)
rCorr    .         Harm     .   (no gloves)
MR       .....                  r - +0 pair of boots
Stlth    +.........             (no amulet)
HPRegen  0.11/turn              (no ring)
MPRegen  0.09/turn              (no ring)

@: lethally poisoned (0 -> -2), flying, hasted, very quick
A: hooves 1, slimy green scales 2
a: no special abilities


You were on level 2 of the Dungeon.
You were not hungry.

You visited 1 branch of the dungeon, and saw 3 of its levels.

You collected 161 gold pieces.

Inventory:

Hand Weapons
 a - a +0 trident (weapon)
 g - a +0 hunting sling
Missiles
 d - 3 throwing nets {!f}
 e - 65 stones (quivered)
 i - 52 poisoned needles
 l - 21 bolts
Armour
 b - a +0 leather armour (worn)
 c - a +0 helmet (worn)
 r - a +0 pair of boots (worn)
Jewellery
 s - an uncursed ring of protection from cold {unknown}
Scrolls
 h - a scroll of teleportation {unknown}
 j - a scroll of immolation {unknown}
 m - 2 scrolls of remove curse {unknown}
 o - a scroll of magic mapping {unknown}
 p - a scroll of enchant armour {unknown}
 q - a scroll of identify {unknown}
Comestibles
 f - 3 rations


   Skills:
 + Level 2.8 Fighting
 * Level 3.8 Polearms
 - Level 1.7 Throwing
 + Level 1.4 Armour
 + Level 3.2 Dodging


You had 3 spell levels left.
You didn't know any spells.
Your spell library was empty.

Dungeon Overview and Level Annotations

Branches:
Dungeon (3/15)

Altars:
Elyvilon


Innate Abilities, Weirdness & Mutations

You have large cloven feet.
You are mostly covered in slimy green scales. (AC +3)


Message History

You feel sick.
* * * LOW HITPOINT WARNING * * *
You feel sick.
* * * LOW HITPOINT WARNING * * *
You feel sick.
* * * LOW HITPOINT WARNING * * *
You feel sick.
* * * LOW HITPOINT WARNING * * *
You feel sick.
* * * LOW HITPOINT WARNING * * *
You feel sick.
* * * LOW HITPOINT WARNING * * *
You feel sick.
* * * LOW HITPOINT WARNING * * *
You feel sick.
* * * LOW HITPOINT WARNING * * *
You feel sick.
* * * LOW HITPOINT WARNING * * *
You feel sick.
You die...

#..................#..
#...#...........####..
#...#.................
#.....................
###.#...#.............
#.#...#.......######
#.#...#.............
#.#..##.#.).........
###.#@................
###.........#...........
#.+......#..+.....#.....
#.#...####.##.....#.....
#.#...# #.........#.....
#.#...# #.........######
#.#...###..........##...
#.#................''...
#.#................##...


There were no monsters in sight!

Vanquished Creatures
  6 adders
  2 oozes (D:1)
  A worm (D:2)
  A dart slug (D:1)
  3 leopard geckos (D:1)
  A giant cockroach (D:1)
  8 goblins
  5 hobgoblins
  A quokka (D:2)
  A ball python (D:3)
  2 bats
  10 frilled lizards
  7 kobolds
  3 rats
51 creatures vanquished.

Notes
Turn   | Place    | Note
-------+----------+-------------------------------------------
     0 | D:1      | MirrMurr the Demonspawn Gladiator began the quest for the Orb.
     0 | D:1      | Reached XP level 1. HP: 16/16 MP: 1/1
   116 | D:1      | Gained mutation: You have large cloven feet. [demonic ancestry]
   116 | D:1      | Reached XP level 2. HP: 22/22 MP: 2/2
   456 | D:1      | Gained mutation: You are partially covered in slimy green scales. (AC +2) [demonic ancestry]
   456 | D:1      | Reached XP level 3. HP: 28/28 MP: 3/3
   668 | D:1      | Reached skill level 1 in Armour
  1026 | D:2      | Gained mutation: You are mostly covered in slimy green scales. (AC +3) [demonic ancestry]
  1026 | D:2      | Reached XP level 4. HP: 26/34 MP: 4/4
  1986 | D:3      | Found a white marble altar of Elyvilon.
  2037 | D:2      | HP: 1/34 [poisoned by a kobold]
  2042 | D:2      | Succumbed to a kobold's poison

Skill      XL: |  1  2  3 |
---------------+----------+-----
Polearms       | 3 |  3.8
Dodging        | 3 |  3.2
Armour         | 1 |  1.4
Fighting       | |  2.8
Throwing       | |  1.7

Action                   |  1- 3 |  4- 6 || total
-------------------------+-------+-------++-------
Melee: Trident           |   109 |    70 ||   179
       Kick              |    19 |     3 ||    22
  Use: Potion            |       |     2 ||     2
 Stab: Sleeping          |     1 |       ||     1
  Eat: Chunk             |     1 |     1 ||     2
       Ration            |       |     1 ||     1
Armor: Leather armour    |    23 |    38 ||    61
Dodge: Dodged            |    54 |    63 ||   117
